 Dungeon Crawl Stone Soup version 0.31-a0-844-gdc52ec4e09 (webtiles) character file.

Game seed: 2287575809465705776

24 BigDaddyOpFi the Ruffian (level 3, -2/43 HPs)
             Began as a Hill Orc Shapeshifter on Sept 29, 2023.
             Slain by a worm (3 damage)
             ... on level 2 of the Dungeon.
             The game lasted 00:01:13 (1042 turns).

BigDaddyOpFi the Ruffian (Hill Orc Shapeshifter)    Turns: 1042, Time: 00:01:14

Health: -2/43      AC: 21    Str: 18    XL:     3   Next: 2%
Magic:  3/3        EV:  2    Int: 10    God:
Gold:   46         SH:  0    Dex: 10    Spells: 2/2 levels left

rFire   + . .        h - +0 short sword
rCold   x . .        (no shield)
rNeg    . . .        a - melded +0 animal skin
rPois   +            (helmet currently unavailable)
rElec   .            (cloak currently unavailable)
rCorr   +            (gloves currently unavailable)
SInv    .            (boots currently unavailable)
Will    .....        (no amulet)
Stlth   +            g - ring of fire
HPRegen 0.27/turn    i - ring of resist corrosion
MPRegen 0.08/turn

%: no passive effects
@: tree-form
A: stationary, stasis, torment immunity, boosted hp
a: no special abilities


You were on level 2 of the Dungeon.
You were a tree.
You visited 1 branch of the dungeon, and saw 2 of its levels.

You collected 46 gold pieces.

Inventory:

Hand Weapons
 e - a +0 dagger
 h - a +0 short sword (weapon)
Armour
 a - a +0 animal skin (melded)
Jewellery
 g - a ring of fire (left branch)
 i - a ring of resist corrosion (right branch)
Talismans
 c - a beast talisman
 d - a flux talisman
Scrolls
 f - a scroll of blinking
Potions
 j - a potion of mutation


   Skills:
 + Level 2.0 Fighting
 + Level 1.9 Dodging
 + Level 3.6 Unarmed Combat
 + Level 2.9 Shapeshifting


You had 2 spell levels left.
You didn't know any spells.
Your spell library was empty.

Dungeon Overview and Level Annotations

Branches:
Dungeon (2/15)

Altars:


Message History

You have reached level 3!
Your experience leads to an increase in your attributes!
Increase (S)trength, (I)ntelligence, or (D)exterity?
You feel stronger. x2
The worm attacks as it pursues you! The worm bites you.
The frilled lizard bites you. The worm bites you.
* * * LOW HITPOINT WARNING * * *
The frilled lizard attacks as it pursues you!
The frilled lizard bites you.
* * * LOW HITPOINT WARNING * * *
Your transformation has ended.
You turn into a tree.
Your +0 animal skin melds into your body.
Your roots penetrate the ground.
The frilled lizard bites you but does no damage.
Okay, then.
Sorry, you're not good enough to have a special ability.
Okay, then.
You closely miss the frilled lizard.
The frilled lizard bites you but does no damage.
You hit the frilled lizard.
You kill the frilled lizard!
You cannot move.
An adder comes into view.
You barely miss the worm. The worm bites you but does no damage.
You hit the worm.
The worm is moderately wounded.
The worm bites you but does no damage.
You hit the worm but do no damage.
The worm is lightly wounded.
You hit the worm.
The worm is moderately wounded.
The worm bites you.
* * * LOW HITPOINT WARNING * * *
You hit the worm.
The worm is moderately wounded.
You hit the worm.
The worm is heavily wounded.
The worm bites you.
You die...

$........... ...
........... ....
..........##...
.........#..##
.............
#......# #.S.†.#
##w#..# #♣#?##
#.#.# ...
#.#.##...
##.#......
#..#.#.#.#
#.##.(....
#########.#..#.#.#
......†...........
#########.†#.#.#.


You could see a worm and an adder.

Vanquished Creatures
  A worm (D:2)
  A bat (D:2)
  3 endoplasms (D:1)
  A goblin (D:1)
  2 hobgoblins (D:1)
  A jackal (D:1)
  4 kobolds (D:1)
  2 quokkas
  4 frilled lizards
19 creatures vanquished.

Notes
Turn   | Place    | Note
-------+----------+-------------------------------------------
     0 | D:1      | BigDaddyOpFi the Hill Orc Shapeshifter began the quest for
                  | the Orb.
     0 | D:1      | Reached XP level 1. HP: 16/16 MP: 1/1
   285 | D:1      | Reached XP level 2. HP: 19/23 MP: 2/2
  1028 | D:2      | Reached XP level 3. HP: 16/29 MP: 3/3
  1031 | D:2      | HP: 1/29 [frilled lizard (3)]
  1040 | D:2      | HP: 1/43 [worm (4)]
  1042 | D:2      | Slain by a worm

Illustrated notes

Levels and vault maps discovered:
D:1:      lightli_arrival_isolated_outpost, layout_basic, minmay_tromino_v4_b
D:2:      layout_loops_ring, serial_glass, glass_columns_b, glass_columns_b,
          nicolae_kite_square_tiling_tiny, minmay_misc_feat_five,
          kennysheep_decorative_pillar, minmay_cupped

Skill      XL: |  1  2 |
---------------+-------+-----
Fighting       | 2 |  2.0
Dodging        | |  1.9
Unarmed Combat | |  3.6
Shapeshifting  | |  2.9

Action                     || total
---------------------------++-------
  Melee: Dagger            ||    19
         Unarmed           ||     6
         Short sword       ||    42
         Punch             ||     1
    Use: Scroll            ||     2
         Potion            ||     1
 Armour: Animal skin       ||    24
         Skin              ||     6
  Dodge: Dodged            ||    39

Table legend: (Time is in decaauts)
 A = Elapsed time spent in this place.
 B = Non-inter-level travel time spent in this place.
 C = Inter-level travel time spent in this place.
 D = Time resting spent in this place.
 E = Time spent auto-exploring this place.
 F = Levels seen in this place.
 G = Mean time per level.
                   A        B        C        D        E       F      G
               +--------+--------+--------+--------+--------+-----+--------+
         Total |   1041 |   1021 |     20 |      0 |    863 |   2 |  520.5 |
       Dungeon |   1041 |   1021 |     20 |      0 |    863 |   2 |  520.5 |
               +--------+--------+--------+--------+--------+-----+--------+

Top non-repeatable levels by time:
     D:1: 900 daAuts
     D:2: 140 daAuts
